 Dungeon Crawl Stone Soup version 0.17-a0-1368-g6ab37f2 (webtiles) character file.

193000 Ladykiller69 the Severer (level 19, -4/152 HPs)
             Began as a Formicid Fighter on June 12, 2015.
             Was the Champion of Cheibriados.
             Killed from afar by a shock serpent (8 damage)
             ... with a bolt of electricity
             ... on level 4 of the Snake Pit.
             The game lasted 02:22:29 (25900 turns).

Ladykiller69 the Severer (Formicid Fighter)        Turns: 25900, Time: 02:22:29

Health: -4/152     AC: 25    Str: 44    XL:     19   Next: 41%
Magic:  29/29      EV: 20    Int: 23    God:    Cheibriados [******]
Gold:   3495       SH:  0    Dex: 25    Spells: 0 memorised, 18 levels left

rFire  . . .     SeeInvis +     c - +3 executioner's axe (flame)
rCold  . . .     Clarity  .     Y - +0 plate armour
rNeg   . . .     SustAt   .     F - +0 large shield "Didam" {rPois rCorr Stlth+}
rPois  +         Gourm    .     (helmet unavailable)
rElec  .         Spirit   .     v - +2 cloak {MR+}
rCorr  +         Warding  .     t - +2 pair of gloves {archery}
rMut   .         Stasis   +     i - +1 pair of boots
MR     ++...                    (no amulet)
Stlth  ..........               O - +3 ring of evasion
                                (no ring)

@: confused, lethally poisoned (-4 -> -14), very slow, very resistant to hostile
enchantments, extremely unstealthy
A: permanent stasis, dig shafts and tunnels, four strong arms, antennae 3
a: Dig, Shaft Self, Bend Time, Temporal Distortion, Slouch, Step From Time,
Renounce Religion


You were on level 4 of the Snake Pit.
You worshipped Cheibriados.
Cheibriados was exalted by your worship.
You were not hungry.

You visited 5 branches of the dungeon, and saw 32 of its levels.
You also visited: Ice Cave.

You collected 3765 gold pieces.
You spent 270 gold pieces at shops.

Inventory:

Hand weapons
 c - a +3 executioner's axe of flaming (weapon)
Missiles
 u - 6 javelins
 C - 3 silver tomahawks
 E - 8 poisoned tomahawks
 J - 66 tomahawks (quivered)
 T - a throwing net
Armour
 i - a +1 pair of boots (worn)
 t - a +2 pair of gloves of archery (worn)
 v - a +2 cloak of magic resistance (worn)
 F - the +0 large shield "Didam" (worn) {rPois rCorr Stlth+}
   (You acquired it on level 15 of the Dungeon)

   It protects you from poison.
   It protects you from acid and corrosion.
   It makes you more stealthy.
 Y - a +0 plate armour (worn)
Jewellery
 l - an uncursed ring of ice
 O - a +3 ring of evasion (right hand)
Magical devices
 b - a wand of disintegration (13)
 z - a wand of fire (7)
 B - a wand of cold (9)
 N - a wand of cold (3)
 Q - a wand of heal wounds (3)
 Z - a wand of fireball (7)
Scrolls
 g - 5 scrolls of enchant armour
 h - 11 scrolls of magic mapping
 j - 10 scrolls of identify
 m - 12 scrolls of remove curse
 r - 3 scrolls of fear
 s - 3 scrolls of immolation
 w - a scroll of recharging {unknown}
 A - 4 scrolls of fog
 G - 4 scrolls of blinking
 L - 3 scrolls of enchant weapon
 M - 2 scrolls of teleportation
 U - a scroll of amnesia
 X - 4 scrolls of summoning
Potions
 d - 7 potions of might
 f - 3 potions of curing
 k - a potion of brilliance
 o - 3 potions of magic
 p - 3 potions of lignification
 x - 2 potions of invisibility
 H - 2 potions of resistance
 K - 3 potions of agility
 R - 2 potions of beneficial mutation
 S - 3 potions of cancellation
 W - a potion of flight
Books
 D - a book of Necromancy

   Spells                             Type                      Level
   a - Pain                           Necromancy                   1
   b - Animate Skeleton               Necromancy                   1
   c - Vampiric Draining              Necromancy                   3
   d - Regeneration                   Charms/Necromancy            3
   e - Animate Dead                   Necromancy                   4
   f - Control Undead                 Necromancy                   4
Miscellaneous
 P - a phial of floods
Comestibles
 a - 32 fruits
 e - 12 bread rations
 q - 13 meat rations
 V - 25 royal jellies


   Skills:
 + Level 14.2 Fighting
 * Level 19.2 Axes
 + Level 13.5 Armour
 + Level 8.5 Dodging
 - Level 15.1 Shields
 + Level 14.6 Invocations


You had 18 spell levels left.
You didn't know any spells.

Dungeon Overview and Level Annotations

Branches:
Dungeon (15/15)            Temple (1/1) D:4            Lair (8/8) D:10
  Swamp (0/4) Lair:6        Snake (4/4) Lair:6        Slime (0/6) Lair:7
    Orc (4/4) D:9             Elf (0/3) Orc:4        Vaults (0/5) D:13
 Depths (0/5) D:15

Altars:
Ashenzari
Cheibriados
Dithmenos
Elyvilon
Fedhas
Gozag
Kikubaaqudgha
Makhleb
Nemelex Xobeh
Okawaru
Qazlal
Ru
Sif Muna
Trog
Vehumet
Xom
Yredelemnul
Zin
The Shining One
Beogh
Jiyva

Shops:
D:11 }   Orc:1 (   Orc:3 }}   Orc:4 [*:(   Snake:2 }


Innate Abilities, Weirdness & Mutations

You are under a permanent stasis effect.
You can dig through walls and to a lower floor.
Your four strong arms can wield two-handed weapons with a shield.
You have a pair of large antennae on your head (SInv).


Message History

The naga hits you but does no damage. The naga grabs you.
* * * LOW HITPOINT WARNING * * *
The naga constricts you.
The naga sharpshooter mumbles some strange words.
The naga sharpshooter magically shoots an arrow.
The arrow hits you!
* * * LOW HITPOINT WARNING * * *
The shock serpent barely misses you.
The greater naga hits you but does no damage.
You escape the naga's grasp.
You feel sick. The shock serpent bites you.
* * * LOW HITPOINT WARNING * * *
The shock serpent shocks you!
* * * LOW HITPOINT WARNING * * *
The shock serpent misses you.
The greater naga hits you from afar with a spear!
* * * LOW HITPOINT WARNING * * *
The naga closely misses you. The naga misses you.
The shock serpent shoots out a bolt of lightning at you!
The bolt of electricity hits you!
You die...

.....# #(...(.# .....#
#(.....# .....# #[.....#
....)# ######N)....###
###..#
#####....))(.......
..#..#
####........)().......
..#..#
##.......N.......#.....
.###.#
.......NSNN.....#......
...#)#
{.......@.#####......###
#..#.# ......####
#.{....# #..#.# { .....
#......# #..#.# { ..#.
#...#..# '..#.# { ...
#N.N...# #.##.# ..
#......# ###..# . ......
'.##.# #..#.#


You could see a greater naga, 2 naga sharpshooters, a shock serpent and 2 nagas.

Vanquished Creatures
  Rupert (D:12)
  Agnes (Snake:4)
  5 greater nagas
  Wiglaf (Snake:2)
  A fire giant (D:15)
  A frost giant (IceCv)
  3 orc warlords
  Aizul (Snake:4)
  Snorg (D:14)
  Josephine (Lair:4)
  The ghost of patman2 the Slicer, a powerful VSBe of Trog (Lair:8)
  11 naga warriors
  An ice dragon (D:15)
  3 centaur warriors
  5 hydras
  The ghost of HEYYEYAAE the Gusty, a powerful HuAE of Vehumet (D:9)
  Erica (D:10)
  Erolcha (D:12)
  2 anacondas
  7 death yaks
  An orc high priest (Orc:4)
  2 tengu warriors
  6 shock serpents
  10 naga sharpshooters
  The ghost of asdu the Cleaver, an experienced GrBe of Trog (IceCv)
  A wizard (D:15)
  4 unseen horrors
  2 salamander mystics
  A sea snake (Snake:1)
  A deep troll (D:13)
  8 naga ritualists
  8 hill giants
  5 cyclopes
  19 mana vipers
  7 manticores
  A wolf spider zombie (D:15)
  6 orc knights
  3 griffons
  2 orc sorcerers
  7 salamanders
  17 ugly things
  27 elephants
  A centaur zombie (D:13)
  3 guardian serpents (Snake:4)
  A torpor snail (Lair:5)
  17 naga magi
  Psyche (D:9)
  10 spiny frogs
  3 gargoyles
  2 centaur skeletons (D:15)
  41 black mambas
  10 komodo dragons
  3 fire drakes
  20 polar bears
  8 trolls
  4 tengu conjurers
  2 two-headed ogres
  Prince Ribbit (Lair:1)
  24 blink frogs
  2 boulder beetles
  A queen bee (Lair:4)
  A wolf spider simulacrum (D:14)
  16 slime creatures
  3 shadows
  Sigmund (D:6)
  7 humans (Lair:5)
  15 spriggans (Lair:8)
  9 wyverns
  8 wraiths
  5 redbacks (Lair:8)
  13 basilisks
  2 deep elf magi
  2 hungry ghosts
  5 vampire mosquitoes (D:15)
  84 yaks
  52 wolves
  4 deep elf fighters
  5 wargs
  11 hippogriffs
  4 insubstantial wisps (Lair:6)
  2 soldier ants
  A steam dragon (D:13)
  24 water moccasins
  A mottled dragon (D:11)
  4 hell hounds (Lair:8)
  59 nagas
  10 porcupines
  6 ice beasts
  5 sky beasts
  2 spiders (D:9)
  43 orc warriors
  6 phantoms
  7 wasps
  15 centaurs
  8 black bears
  10 ogres
  21 crocodiles
  A wyvern zombie (D:11)
  3 big kobolds
  23 giant frogs
  4 scorpions
  A water moccasin skeleton (D:10)
  27 killer bees
  5 wights
  An electric eel (Snake:1)
  7 crimson imps
  3 giant frog skeletons
  20 orc priests
  6 jellies
  8 hounds
  23 orc wizards
  8 worker ants
  8 iguanas
  15 sheep
  A killer bee zombie (D:7)
  A hound zombie (D:9)
  A worker ant zombie (D:11)
  60 river rats
  20 adders
  2 shadow imps
  2 worms
  9 giant geckos
  211 orcs
  A bat skeleton (D:3)
  A bat zombie (D:6)
  4 giant cockroaches
  20 goblins
  11 hobgoblins
  19 jackals
  31 kobolds
  7 ball pythons
  11 bats
  A giant gecko skeleton (D:8)
  2 giant newts
  3 quokkas
  29 rats
  4 bushes (Lair:8)
  17 fungi
  10 plants
1454 creatures vanquished.

Vanquished Creatures (others)
  A fire dragon (Lair:8)
  A basilisk (Lair:8)
  A hell hound (Lair:8)
  A rat (D:8)
  18 fungi
  2 plants (Lair:8)
24 creatures vanquished.

Grand Total: 1478 creatures vanquished

Notes
Turn   | Place    | Note
--------------------------------------------------------------
     0 | D:1      | Ladykiller69 the Formicid Fighter began the quest for the Orb.
     0 | D:1      | Reached XP level 1. HP: 18/18 MP: 1/1
    80 | D:1      | Reached XP level 2. HP: 21/24 MP: 2/2
   546 | D:1      | Reached skill level 4 in Shields
   546 | D:1      | Reached XP level 3. HP: 29/29 MP: 3/3
   943 | D:2      | Found a radiant altar of Vehumet.
  1113 | D:2      | Found an iron altar of Okawaru.
  1113 | D:2      | Found a glowing golden altar of the Shining One.
  1266 | D:2      | Found a sacrificial altar of Ru.
  1266 | D:2      | Found a shattered altar of Ashenzari.
  1500 | D:3      | Reached XP level 4. HP: 34/37 MP: 4/4
  2293 | D:3      | Reached XP level 5. HP: 42/42 MP: 5/5
  2418 | D:4      | Got a dazzling battleaxe
  2419 | D:4      | Identified the +4 battleaxe "Susetunu" {flame, *Confuse Str+10 SInv Stlth-} (You found it on level 4 of the Dungeon)
  2438 | D:4      | Found a staircase to the Ecumenical Temple.
  2450 | Temple   | Entered the Ecumenical Temple
  2456 | Temple   | Became a worshipper of Cheibriados the Contemplative
  2731 | D:4      | Reached skill level 5 in Shields
  2731 | D:4      | Reached XP level 6. HP: 45/49 MP: 6/6
  3073 | D:5      | Entered Level 5 of the Dungeon
  3073 | D:5      | Noticed an ice beast
  3122 | D:5      | Killed an ice beast
  3202 | D:5      | Acquired Cheibriados's first power
  3202 | D:5      | Reached skill level 5 in Fighting
  3202 | D:5      | Reached XP level 7. HP: 52/56 MP: 7/7
  3293 | D:5      | Found a bloodstained altar of Trog.
  3408 | D:5      | Found a blossoming altar of Fedhas.
  3455 | D:5      | Reached skill level 6 in Shields
  4108 | D:5      | Reached skill level 5 in Axes
  4218 | D:6      | Reached XP level 8. HP: 62/62 MP: 8/8
  4239 | D:6      | Reached skill level 7 in Shields
  4274 | D:6      | Noticed Sigmund
  4284 | D:6      | Killed Sigmund
  4286 | D:6      | Reached skill level 8 in Shields
  4861 | D:7      | Found a burning altar of Makhleb.
  4879 | D:7      | Acquired Cheibriados's second power
  4879 | D:7      | Reached XP level 9. HP: 68/68 MP: 9/9
  4912 | D:7      | Reached skill level 9 in Shields
  5414 | D:7      | Noticed a gargoyle
  5425 | D:7      | Killed a gargoyle
  5425 | D:7      | Reached skill level 10 in Shields
  5585 | D:8      | Acquired Cheibriados's third power
  6077 | D:9      | Reached skill level 11 in Shields
  6077 | D:9      | Reached XP level 10. HP: 66/74 MP: 10/10
  6093 | D:9      | Found a shadowy altar of Dithmenos.
  6135 | D:9      | Acquired Cheibriados's fourth power
  6221 | D:9      | Reached skill level 10 in Axes
  6222 | D:9      | Reached skill level 12 in Shields
  6299 | D:9      | Noticed Psyche
  6303 | D:9      | Killed Psyche
  6376 | D:9      | You fall through a shaft!
  6376 | D:10     | Entered Level 10 of the Dungeon
  6576 | D:10     | Found a staircase to the Lair.
  6676 | D:9      | Noticed HEYYEYAAE's ghost (powerful HuAE)
  6689 | D:9      | Killed HEYYEYAAE's ghost
  6689 | D:9      | Reached skill level 13 in Shields
  6689 | D:9      | Reached XP level 11. HP: 32/79 MP: 11/11
  6907 | D:9      | Found a staircase to the Orcish Mines.
  7077 | D:9      | Found a stormy altar of Qazlal.
  7438 | Orc:1    | Entered Level 1 of the Orcish Mines
  7686 | Orc:1    | Noticed a wolf spider
  8057 | Orc:1    | Found Sacegia's Weapon Boutique.
  8194 | Orc:3    | Found Kyjounae's Gadget Boutique.
  8330 | D:10     | Noticed a hill giant
  8333 | D:10     | You fall through a shaft!
  8439 | D:10     | Noticed Erica
  8444 | D:10     | Killed Erica
  8444 | D:10     | Reached skill level 14 in Shields
  8450 | D:10     | Killed a hill giant
  8593 | D:10     | Noticed a gargoyle
  8601 | D:10     | Killed a gargoyle
  8647 | D:10     | Noticed a hill giant
  8652 | D:10     | Killed a hill giant
  8672 | Lair:1   | Entered Level 1 of the Lair of Beasts
  8705 | Lair:1   | Reached XP level 12. HP: 86/86 MP: 12/12
  8837 | Lair:1   | Noticed Prince Ribbit
  8853 | Lair:1   | Killed Prince Ribbit
  8931 | Lair:1   | Reached skill level 15 in Shields
  8999 | Lair:1   | Found a basalt altar of Yredelemnul.
  9289 | Lair:2   | Reached skill level 1 in Invocations
  9786 | Lair:2   | Reached skill level 5 in Armour
 10217 | Lair:3   | Reached XP level 13. HP: 95/95 MP: 16/16
 10479 | Lair:3   | Reached skill level 5 in Invocations
 10747 | Lair:4   | Found a shadowy altar of Dithmenos.
 10822 | Lair:4   | Identified the Almanac of Talismans
 11363 | Lair:4   | Noticed Josephine
 11370 | Lair:4   | Killed Josephine
 11648 | Lair:5   | You fall through a shaft!
 11864 | Lair:6   | Found a staircase to the Snake Pit.
 11920 | Lair:6   | Reached XP level 14. HP: 106/106 MP: 20/20
 12450 | Lair:6   | Found a staircase to the Swamp.
 12811 | Lair:6   | Reached skill level 15 in Axes
 13337 | Lair:7   | Reached skill level 10 in Fighting
 13524 | Lair:7   | Found a viscous altar of Jiyva.
 13524 | Lair:7   | Found a staircase to the Slime Pits.
 13647 | Lair:8   | Entered Level 8 of the Lair of Beasts
 13658 | Lair:8   | Reached XP level 15. HP: 62/115 MP: 22/22
 13660 | Lair:8   | Noticed patman2's ghost (powerful VSBe)
 13660 | Lair:8   | Reached skill level 10 in Invocations
 13669 | Lair:8   | Killed patman2's ghost
 13915 | Lair:8   | Reached skill level 1 in Dodging
 13984 | Lair:8   | Reached skill level 10 in Armour
 13986 | Lair:8   | Reached skill level 16 in Axes
 14976 | Orc:2    | Found a roughly hewn altar of Beogh.
 15408 | Orc:3    | Found Kuvofah's Gadget Shoppe.
 15411 | Orc:3    | Noticed an orc warlord
 15412 | Orc:3    | Noticed an orc sorcerer
 15419 | Orc:3    | Killed an orc sorcerer
 15437 | Orc:3    | Killed an orc warlord
 15440 | Orc:3    | Reached XP level 16. HP: 115/125 MP: 24/24
 15523 | Orc:4    | Entered Level 4 of the Orcish Mines
 15523 | Orc:4    | Found Ziobruluor's Book Shop.
 15607 | Orc:4    | Found Piumaf's General Store.
 15671 | Orc:4    | Found Teogum's Antique Armour Boutique.
 15704 | Orc:4    | Bought a pair of runed gloves for 135 gold pieces
 15704 | Orc:4    | Bought an embroidered cloak for 135 gold pieces
 15984 | Orc:4    | Found Wuskuw's Antique Weapon Shoppe.
 16013 | Orc:4    | Found a staircase to the Elven Halls.
 16643 | Snake:1  | Entered Level 1 of the Snake Pit
 17074 | D:11     | Found Miuf's Quality Used Wands.
 17256 | D:11     | Noticed a purple ugly thing
 17260 | D:11     | Killed a purple ugly thing
 17502 | D:11     | Reached skill level 17 in Axes
 17654 | D:11     | Noticed a manticore
 17660 | D:11     | Killed a manticore
 17905 | D:12     | Noticed Rupert
 17915 | D:12     | Killed Rupert
 18175 | D:12     | Reached skill level 5 in Dodging
 18287 | D:12     | Noticed Erolcha
 18294 | D:12     | Killed Erolcha
 18726 | D:13     | Found a gate to the Vaults.
 18854 | D:13     | Reached XP level 17. HP: 133/133 MP: 26/26
 19397 | D:14     | Found an opulent altar of Gozag.
 19484 | D:14     | Noticed Snorg
 19495 | D:14     | You fall through a shaft!
 19495 | D:15     | Entered Level 15 of the Dungeon
 19605 | D:15     | Found a frozen archway.
 19670 | IceCv    | Entered an ice cave
 20161 | IceCv    | Noticed asdu's ghost (experienced GrBe)
 20179 | IceCv    | Killed asdu's ghost
 20378 | D:15     | Found a shimmering altar of Xom.
 20514 | D:15     | Found an opulent altar of Gozag.
 20594 | D:15     | Found a staircase to the Depths.
 20981 | D:14     | Killed Snorg
 20997 | D:14     | Reached skill level 18 in Axes
 21373 | D:15     | Reached XP level 18. HP: 128/143 MP: 28/28
 21562 | D:15     | Identified 3 scrolls of acquirement
 21574 | D:15     | Got an encrusted large shield
 21585 | D:15     | Identified the +0 large shield "Didam" {rPois rCorr Stlth+} (You acquired it on level 15 of the Dungeon)
 22931 | Snake:2  | Noticed Wiglaf
 22947 | Snake:2  | Killed Wiglaf
 23611 | Snake:2  | Found a shimmering altar of Xom.
 23618 | Snake:2  | Found Zukolowo's Gadget Shoppe.
 24458 | Snake:4  | Entered Level 4 of the Snake Pit
 24458 | Snake:4  | Noticed Agnes
 24462 | Snake:4  | Killed Agnes
 24622 | Snake:4  | Noticed Aizul
 24631 | Snake:4  | Killed Aizul
 24802 | Snake:4  | Reached XP level 19. HP: 108/151 MP: 29/29
 25259 | Snake:4  | Reached skill level 19 in Axes
 25877 | Snake:4  | HP: 3/152 [naga sharpshooter/arrow (16)]
 25885 | Snake:4  | HP: 2/152 [shock serpent/bolt of electricity (21)]
 25900 | Snake:4  | HP: 4/152 [greater naga/spear (7)]
 25900 | Snake:4  | Killed from afar by a shock serpent

Vault maps used:
D:1:      arrival_zaba_pyramid
D:2:      vehumet_crystals, gammafunk_temple_overflow_wave,
          gammafunk_temple_overflow_elements, first_bread, minmay_rat_hole
D:4:      minmay_temple_entry_glass
D:5:      lemuel_crystal_altar, bloody_trog
D:6:      uniq_sigmund
D:7:      bloody_makhleb
D:8:      lemuel_ice_spiral_2
D:9:      grunt_qazlal_clouds, nicolae_dithmenos_the_darkroom, orc_0_dummy,
          hangedman_pestilent_swarm, uniq_psyche
D:10:     dpeg_oklobed_lair, uniq_erica
D:11:     nicolae_for_you_no_charge
D:12:     uniq_rupert, uniq_erolcha
D:13:     david_vaults_4, st_stairs_4
D:14:     grunt_decor_fettered, basic_altar, uniq_snorg
D:15:     grunt_enter_depths_giant_problem, nicolae_gozag_seed_capital,
          portal_ice_cave_entry_animals_and_master, lemuel_tele_altar
Temple:   nicolae_temple_no_exploring_needed
Lair:1:   basic_altar, st_stairs_12, serial_bayou_pond_e, grunt_megastairs_3,
          uniq_prince_ribbit2
Lair:2:   serial_bayou_shore_b
Lair:3:   lemuel_fruit_fields
Lair:4:   special_room, basic_altar, uniq_josephine
Lair:5:   erik_1, kennysheep_basilisk_garden
Lair:6:   minmay_swamp_entry_wisps, minmay_snake_entry_six_corridors,
          beast_lair_carwin_1, grunt_megastairs_4
Lair:7:   dpeg_slime_entry_enclosed_altar, infiniplex_staircase_pool
Lair:8:   minmay_lair_end_enchanted_forest, special_room
Snake:1:  serial_bayou_shore_a
Snake:2:  serial_shops, shop_fountains, basic_altar, grunt_ministairs_14,
          hangedman_snake_corridor_cut, uniq_wiglaf
Snake:4:  minmay_snake_end_coiled, lemuel_fruit_tree, uniq_aizul, uniq_agnes
Orc:1:    nicolae_orc_accident_3, serial_shops, shop
Orc:2:    mines2_david
Orc:3:    serial_shops, nicolae_shop_crystal,
          nicolae_shop_temple_entry_statues_fountains, nicolae_orc_pool_cavern
Orc:4:    grunt_orc_gardens, grunt_orc_garden, grunt_orc_garden,
          grunt_orc_garden, grunt_orc_garden, nicolae_orc_stony_grotto
IceCv:    ice_cave_caverns_01

Action                   |  1- 3 |  4- 6 |  7- 9 | 10-12 | 13-15 | 16-18 | 19-21 || total
-------------------------+-------+-------+-------+-------+-------+-------+-------++-------
Melee: War axe           |   143 |    72 |       |       |       |       |       ||   215
       Battleaxe         |       |    43 |   194 |   376 |   826 |   910 |       ||  2349
       Executioner's axe |       |       |       |       |       |   336 |   127 ||   463
Throw: Tomahawk          |       |       |       |       |     1 |       |       ||     1
Invok: Slouch            |       |       |       |       |     1 |     4 |     1 ||     6
       Step From Time    |       |       |       |       |     1 |       |     4 ||     5
       Bend Time         |       |       |       |       |       |     6 |       ||     6
 Abil: Dig               |     1 |     4 |     2 |     9 |    12 |    36 |     7 ||    71
       Shaft Self        |       |       |       |     2 |     1 |     1 |       ||     4
  Use: Scroll            |       |       |       |    11 |     1 |    27 |       ||    39
       Potion            |       |       |       |       |     2 |     1 |     6 ||     9
 Stab: Invisible         |       |       |       |       |     4 |       |       ||     4
  Eat: Chunk             |     1 |     8 |     3 |     9 |    13 |    23 |       ||    57
       Beef jerky        |       |       |     1 |       |       |       |       ||     1
       Fruit             |       |       |       |     1 |       |       |       ||     1
       Pizza             |       |       |       |       |       |     1 |       ||     1
       Meat ration       |       |       |       |       |       |       |     1 ||     1
